AoeStats
← LM | TornardoBriese

African Clearing

504327280Analyzed
4v4 RM · 27d ago on Sep 4, 2026· 78m 25s· 8 players
Game mode
Random Map
Map size
Large (8 player)
Population
200
Speed
Normal
Resources
Standard
Victory
Conquest
Starting age
Dark Age
Ending age
Imperial Age
RankedLock teamsTeams togetherTeam positionsShared explorationLock speedFull tech treeHidden civsTurbo modeCheats
Victory
Defeat
🇧🇪 Wei · Belgium
1629
+13
🇹🇷 Vikings · Türkiye
1623
+13
🇩🇪 Ethiopians · Germany
1613
+14
🇨🇴 Khmer · Colombia
1575
+15
🇩🇪 Goths · Germany
1685
-19
🇩🇪 Bohemians · Germany
1553
-13
🇩🇪 Teutons · Germany
1540
-13
🇨🇭 Tupi · Switzerland
1455
-10
AVCI
13:01 Feudal Age
12:28 Loom
16:52 Castle Age
14:39 Double-Bit Axe
18:49 Horse Collar
19:38 Bow Saw
24:18 Town Watch
24:52 Heavy Plow
30:40 Imperial Age
28:36 Scale Mail Armor
29:38 Chain Mail Armor
30:00 Forging
30:15 Gold Mining
30:16 Stone Mining
30:43 Chieftains
31:46 Conscription
31:58 Plate Mail Armor
31:41 Elite Berserk
33:32 Iron Casting
34:38 Gold Shaft Mining
34:35 Crop Rotation
35:44 Blast Furnace
38:59 Coinage
40:17 Banking
43:35 Two-Man Saw
46:15 Squires
46:00 Gambesons
46:01 Arson
46:58 Capped Ram
49:13 Siege Ram
77:57 Caravan
Malice
11:40 Feudal Age
12:07 Double-Bit Axe
12:14 Loom
16:35 Town Watch
22:00 Castle Age
30:15 Bow Saw
30:25 Horse Collar
31:34 Scale Barding Armor
33:37 Wheelbarrow
33:24 Forging
34:21 Fletching
35:26 Ballistics
35:27 Heavy Plow
36:09 Chain Barding Armor
38:55 Imperial Age
37:09 Bodkin Arrow
38:06 Gold Mining
38:07 Stone Mining
38:59 Padded Archer Armor
39:11 Masonry
41:49 Hand Cart
41:01 Elite Tiger Cavalry
42:03 Conscription
42:52 Bracer
43:08 Leather Archer Armor
43:55 Chemistry
43:41 Ming Guang Armor
43:57 Husbandry
44:08 Bloodlines
45:10 Heavy Hei Guang Cavalry
46:27 Iron Casting
46:22 Ring Archer Armor
52:09 Blast Furnace
54:51 Light Cavalry
57:14 Crop Rotation
57:19 Tuntian
60:41 Caravan
60:49 Caravan
62:00 Hoardings
62:47 Hussar
Willox
10:28 Loom
12:26 Feudal Age
13:07 Loom
14:58 Double-Bit Axe
17:25 Castle Age
15:22 Horse Collar
16:27 Fletching
17:35 Crossbowman
26:15 Bodkin Arrow
35:14 Bow Saw
38:11 Imperial Age
38:50 Ballistics
39:03 Padded Archer Armor
39:09 Thumb Ring
39:14 Bracer
38:46 Arbalester
40:08 Elite Shotel Warrior
41:08 Conscription
40:11 Elite Shotel Warrior
40:53 Scale Mail Armor
41:03 Forging
42:13 Chemistry
42:00 Chain Mail Armor
44:13 Two-Man Saw
43:35 Leather Archer Armor
43:55 Iron Casting
48:50 Wheelbarrow
49:06 Torsion Engines
48:51 Elite Shotel Warrior
49:34 Torsion Engines
50:17 Elite Shotel Warrior
54:40 Wheelbarrow
53:51 Town Watch
56:23 Leather Archer Armor
56:57 Hand Cart
58:32 Plate Mail Armor
58:37 Iron Casting
58:08 Royal Heirs
60:36 Caravan
62:52 Blast Furnace
62:23 Ring Archer Armor
62:14 Masonry
62:16 Fortified Wall
64:36 Siege Engineers
65:01 Architecture
Xioeng | LvSP
13:32 Feudal Age
13:54 Loom
17:09 Castle Age
15:35 Gold Mining
15:30 Double-Bit Axe
17:22 Fletching
21:27 Bow Saw
25:34 Ballistics
Vicky R
7:57 Loom
12:53 Feudal Age
16:46 Castle Age
15:03 Double-Bit Axe
15:17 Horse Collar
20:13 Bow Saw
20:47 Heavy Plow
24:16 Wheelbarrow
33:44 Imperial Age
31:43 Ballistics
31:26 Scale Mail Armor
31:37 Forging
31:09 Pikeman
31:49 Squires
31:55 Fletching
33:42 Chemistry
33:13 Chain Mail Armor
32:45 Arson
33:05 Town Watch
34:03 Iron Casting
34:00 Masonry
34:05 Padded Archer Armor
33:50 Halberdier
35:02 Leather Archer Armor
36:00 Conscription
35:51 Wagenburg Tactics
36:48 Two-Man Saw
37:33 Ring Archer Armor
38:08 Coinage
38:08 Siege Engineers
41:05 Banking
41:07 Houfnice
43:33 Murder Holes
43:36 Bodkin Arrow
44:58 Plate Mail Armor
46:15 Blast Furnace
45:43 Bracer
46:49 Scale Barding Armor
56:14 Elite Skirmisher
64:04 Fortified Wall
68:33 Capped Ram
74:33 Caravan
LM | Scogx
2:45 Loom
12:29 Feudal Age
13:58 Double-Bit Axe
16:29 Castle Age
15:31 Horse Collar
17:34 Bow Saw
18:07 Wheelbarrow
18:47 Heavy Plow
23:59 Hand Cart
25:17 Stone Mining
25:18 Gold Mining
27:29 Stone Shaft Mining
29:16 Squires
31:55 Imperial Age
29:37 Scale Mail Armor
30:27 Anarchy
30:44 Chain Mail Armor
31:41 Forging
31:26 Pikeman
33:15 Iron Casting
32:54 Perfusion
32:47 Elite Huskarl
33:48 Halberdier
35:39 Blast Furnace
34:18 Man-at-Arms
35:29 Long Swordsman
36:06 Two-Handed Swordsman
38:07 Coinage
37:05 Champion
38:57 Banking
38:19 Fletching
56:49 Bodkin Arrow
63:49 Bracer
67:07 Sappers
68:01 Conscription
78:52 Two-Man Saw
LM | TornardoBriese
13:36 Feudal Age
11:57 Loom
14:18 Feudal Age
18:28 Castle Age
16:52 Fletching
17:03 Padded Archer Armor
18:03 Double-Bit Axe
19:29 Bodkin Arrow
28:54 Horse Collar
50:13 Imperial Age
52:49 Bracer
54:42 Elite Blackwood Archer
57:11 Wheelbarrow
57:20 Gold Mining
59:59 Conscription
60:11 Ballistics
60:24 Heavy Plow
63:48 Bow Saw
69:30 Chemistry
68:00 Elite Skirmisher
70:04 Leather Archer Armor
70:45 Hand Cart
73:30 Ring Archer Armor
73:57 Curare
77:54 Caravan
L3ouis009
9:28 Loom
11:48 Feudal Age
13:35 Double-Bit Axe
18:11 Horse Collar
20:03 Bloodlines
42:23 Castle Age
44:21 Wheelbarrow
44:03 Bow Saw
43:57 Heavy Plow
49:52 Imperial Age
48:36 Scale Barding Armor
48:41 Forging
49:51 Hand Cart
50:11 Cavalier
51:13 Chain Barding Armor
51:29 Iron Casting
51:33 Fletching
53:22 Plate Barding Armor
74:32 Caravan
Connection lost

Rejoining the realm…

Still unreachable

The connection could not be restored.

Session expired

The server has moved on; the page needs a fresh start.